 Dungeon Crawl Stone Soup version 0.31-a0-1002-g8e65716e6e (webtiles) character file.

Game seed: 8208758226511643451

11845 BinkBink the Fighter (level 11, -3/104 HPs)
             Began as a Minotaur Hunter on Nov 9, 2023.
             Was the Champion of Jiyva.
             Killed from afar by a hellion (20 damage)
             ... with damnation
             ... on level 1 of the Abyss.
             The game lasted 00:10:37 (6621 turns).

BinkBink the Fighter (Minotaur Hunter)              Turns: 6621, Time: 00:10:37

Health: -3/104     AC: 21    Str: 23    XL:     11   Next: 54%
Magic:  10/10      EV: 17    Int:  5    God:    Jiyva [******]
Gold:   408        SH:  5    Dex: 20    Spells: 10/10 levels left

rFire   + . .        l - +4 flail (protect)
rCold   x . .        (no shield)
rNeg    + . .        j - +5 chain mail of Theory {Harm rF+ rC- SInv}
rPois   .            (helmet restricted)
rElec   .            h - +0 cloak
rCorr   +            (no gloves)
SInv    +            (no boots)
Will    +++..        m - amulet of reflection
Stlth   ++++         f - ring of positive energy
HPRegen 1.97/turn    (no ring)
MPRegen 0.62/turn

%: harm (+30% outgoing, +20% incoming), reflection
@: corroded, under a protective aura
A: horns 2, retaliatory headbutt, thin skeletal structure 3, strong-willed 3,
strong 1, acidic bite, sturdy frame 2
a: Renounce Religion, Oozemancy, Slimify


You were on level 1 of the Abyss.
You worshipped Jiyva.
Jiyva was exalted by your worship.
You visited 2 branches of the dungeon, and saw 11 of its levels.
You visited the Abyss 1 time.
You also visited: Ossuary.

You collected 408 gold pieces.

Inventory:

Hand Weapons
 a - a +0 shortbow
 k - a +1 trident of flaming
 l - a +4 flail of protection (weapon)
 p - a +2 heavy dire flail
 q - a +1 dire flail of protection
 t - a +3 dire flail
Armour
 h - a +0 cloak (worn)
 j - the +5 chain mail of Theory (worn) {Harm rF+ rC- SInv}
   (You found it on level 4 of the Dungeon)

   rF+:       It protects you from fire.
   rC-:       It makes you vulnerable to cold.
   SInv:      It lets you see invisible.
   Harm:      It increases damage dealt and taken.
Jewellery
 f - a ring of positive energy (left hand)
 m - an amulet of reflection (around neck)
 z - an amulet of the acrobat
Wands
 C - a wand of flame (7)
Scrolls
 c - a scroll of immolation {unknown}
 e - 2 scrolls of enchant weapon {unknown}
 i - a scroll of silence {unknown}
 r - 5 scrolls of identify {unknown}
 s - a scroll of teleportation {unknown}
 w - a scroll of enchant armour {unknown}
 y - a scroll of fear {unknown}
 B - a scroll of poison {unknown}
Potions
 d - 3 potions of magic {unknown}
 g - a potion of invisibility {unknown}
 n - a potion of brilliance {unknown}
 o - a potion of lignification {unknown}
 u - 2 potions of mutation {unknown}
 v - a potion of cancellation {unknown}
 x - 3 potions of might {unknown}
 A - a potion of attraction {unknown}


   Skills:
 + Level 11.6 Fighting
 + Level 10.3 Maces & Flails
 - Level 6.1 Ranged Weapons
 + Level 10.3 Armour
 + Level 10.6 Dodging
 - Level 0.7 Stealth


You had 10 spell levels left.
You didn't know any spells.
Your spell library contained the following spells:

 Spells                   Type           Power      Damage    Failure   Level
 Blink                    Tloc           0%         N/A       86%         2
 Tukima's Dance           Hex            0%         N/A       98%         3
 Dimensional Bullseye     Hex/Tloc       0%         N/A       100%        4
 Iskenderun's Mystic Bla  Conj/Tloc      0%         2d3       100%        4
 Manifold Assault         Tloc           0%         N/A       100%        4


Dungeon Overview and Level Annotations

Branches:
Dungeon (10/15)            Temple (1/1) D:5            Lair (0/5) D:9
Ossuary (visited)
    Orc: D:9-12

Altars:
Ashenzari
Cheibriados
Dithmenos
Elyvilon
Fedhas
Gozag
Hepliaklqana
Kikubaaqudgha
Makhleb
Nemelex Xobeh
Okawaru
Qazlal
Ru
Sif Muna
Trog
Uskayaw
Vehumet
Wu Jian
Xom
Yredelemnul
Zin
The Shining One
Jiyva

Shops:
D:1 =   D:8 *

Annotations:
D:1 1 runed translucent door
D:10 Sonja


Innate Abilities, Weirdness & Mutations

You have a pair of horns on your head.
You reflexively headbutt those who attack you in melee.
You have an unnaturally thin skeletal structure. (Dex +6, Stealth+++)
You are extremely strong-willed. (Will+++)
Your muscles are strong. (Str +4, Int/Dex -1)
You have acidic saliva.
Your movements are less encumbered by armour. (ER -4)


Message History

You block the green very ugly thing's attack.
You closely miss the green very ugly thing.
The green very ugly thing is lightly wounded.
The red ugly thing closely misses you. The red ugly thing kicks you!
* * * LOW HITPOINT WARNING * * *
You are engulfed in flames!
You resist.
* * * LOW HITPOINT WARNING * * *
Your azure jelly hits the green very ugly thing but does no damage.
Your azure jelly hits the green very ugly thing.
Your azure jelly freezes the green very ugly thing!
Your azure jelly closely misses the green very ugly thing.
Your azure jelly hits the green very ugly thing!
The green very ugly thing closely misses you.
As you read the scroll of butterflies, it crumbles to dust.
You hear the flapping of tiny wings.
Your azure jelly is knocked back by the sudden gust.
The green very ugly thing is knocked back by the sudden gust.
The orb spider is knocked back by the sudden gust.
The orb spider's many legs skitter faintly.
The red ugly thing is knocked back by the sudden gust. x2
Your azure jelly barely misses the green very ugly thing. x2
Your azure jelly hits the green very ugly thing but does no damage. x2
Something completely misses your butterfly.
The red ugly thing completely misses your butterfly.
You swap places.
A hellion comes into view.
The hellion gives a hideous shriek!
The green very ugly thing gores something!
Your azure jelly hits the green very ugly thing!
Your azure jelly freezes the green very ugly thing!!
Your azure jelly hits the green very ugly thing!
Your azure jelly freezes the green very ugly thing!
Your azure jelly hits the green very ugly thing! x2
The green very ugly thing dies!
The red ugly thing completely misses your butterfly.
The small abomination hits you.
* * * LOW HITPOINT WARNING * * *
The hellion gestures at you.
The sphere of damnation explodes!
The damnation engulfs you!
You die...

.~#~~≈##.# # .
.. .#~≈ ...# ..
# #.~~#... ##. .
#..###
.#....#.... # .
..J###..~#....#
.
..##.†.b..b##...
# ... .bb.b.b#u.
#.#. # .
.#.b#x.b#.... ..
..##
.#b#@#†b...... .


.#bbbu# #§ # #..# #b§#bb.b# #. .....bbbbb#b... ....#s.~~b..#...# ## #.
...#.##.b~....## ..# .b ..~~~##... # ##.#. .2..~# .# . .### . ≈≈~. You could see
2 ugly things, a hellion, a small abomination and a friendly azure jelly
(summoned).

Vanquished Creatures
  3 very ugly things (Abyss:1)
  A thrashing horror (Abyss:1)
  A soul eater (Abyss:1)
  A sixfirhy (Abyss:1)
  Joseph (D:7)
  A smoke demon (Abyss:1)
  Maggie (D:6)
  A hornet (D:9)
  8 yaks (D:9)
  3 wyverns (D:9)
  3 steam dragons
  Menkaure (D:5)
  Edmund (D:5)
  4 water moccasins (D:9)
  Duvessa (D:5)
  5 orc warriors
  A sky beast (D:7)
  2 ice beasts (D:7)
  3 ogres
  3 centaurs (D:6)
  A phantom (D:5)
  A kobold brigand (D:9)
  A gnoll sergeant (D:5)
  Blork the orc (D:5)
  5 bullfrogs
  5 scorpions
  8 wights
  Dowan (D:5)
  9 killer bees
  4 howler monkeys
  2 hounds (D:4)
  A gnoll bouda (D:4)
  5 orc priests
  A sleepcap (D:6)
  5 iguanas
  6 orc wizards
  8 mummies (Ossuary)
  9 gnolls
  5 adders
  A white imp (D:7)
  2 worms
  A dart slug (D:1)
  45 orcs
  2 ball pythons
  4 bats
  An endoplasm (D:1)
  2 gnoll zombies (Ossuary)
  6 goblins
  8 hobgoblins
  11 kobolds
  3 quokkas (D:4)
  3 hobgoblin zombies (Ossuary)
  2 kobold zombies (Ossuary)
  An orc zombie (Ossuary)
  A rat (D:2)
216 creatures vanquished.

Vanquished Creatures (collateral kills)
  A very ugly thing (Abyss:1)
  A large abomination (Abyss:1)
  An iron imp (Abyss:1)
3 creatures vanquished.

Vanquished Creatures (others)
  A glowing orange brain (Abyss:1)
  A blink frog (Abyss:1)
  A black bear (D:7)
  A small abomination (Abyss:1)
  17 jellies
  3 howler monkeys (D:9)
  4 orc priests
  Ijyb (D:5)
  An orc wizard (D:7)
  2 iguanas
  8 gnolls
  3 adders
  A dart slug (D:2)
  11 orcs
  A ball python (D:3)
  8 endoplasms
  A giant cockroach (D:2)
  2 hobgoblins
  5 jackals
  A kobold (D:2)
  2 quokkas (D:2)
  2 bats
  2 rats
79 creatures vanquished.

Grand Total: 298 creatures vanquished

Notes
Turn   | Place    | Note
-------+----------+-------------------------------------------
     0 | D:1      | BinkBink the Minotaur Hunter began the quest for the Orb.
     0 | D:1      | Reached XP level 1. HP: 18/18 MP: 0/0
    10 | D:1      | Found a runed translucent door.
    86 | D:1      | Found Nethru's Jewellery Boutique.
   152 | D:1      | Noticed a great orb of eyes
   155 | D:1      | Found a faded altar of an unknown god.
   156 | D:1      | Noticed an eye of devastation
   156 | D:1      | Noticed a golden eye
   156 | D:1      | Noticed a shining eye
   161 | D:1      | Prayed at the altar of an unknown god.
   161 | D:1      | Became a worshipper of Jiyva Jopp the Shapeless
   161 | D:1      | Reached * piety under Jiyva
   258 | D:1      | You fall into a shaft and drop 1 floor!
   271 | D:2      | Reached XP level 2. HP: 5/25 MP: 1/1
   339 | D:2      | Reached skill level 3 in Fighting
   436 | D:2      | Reached ** piety under Jiyva
   626 | D:1      | Reached XP level 3. HP: 31/31 MP: 2/2
  1594 | D:3      | Identified the storm talisman of Qavveuz {Dex+2 Slay+3}
  1614 | D:3      | Found an ornate altar of the Wu Jian Council.
  1907 | D:3      | Found a snail-covered altar of Cheibriados.
  2240 | D:4      | Reached *** piety under Jiyva
  2244 | D:4      | Reached skill level 5 in Ranged Weapons
  2257 | D:4      | Reached XP level 4. HP: 29/40 MP: 3/3
  2267 | D:4      | Reached skill level 4 in Fighting
  2291 | D:4      | Reached XP level 5. HP: 40/46 MP: 4/4
  2303 | D:4      | Noticed an ogre
  2314 | D:4      | HP: 1/46 [ogre/+0 giant spiked club (31)]
  2315 | D:4      | Killed an ogre
  2321 | D:4      | Reached XP level 6. HP: 7/55 MP: 5/5
  2392 | D:4      | Gained mutation: You are strong-willed. (Will+) [Jiyva's
                  | grace]
  2392 | D:4      | Gained mutation: You are highly strong-willed. (Will++)
                  | [Jiyva's grace]
  2392 | D:4      | Gained mutation: You are extremely strong-willed. (Will+++)
                  | [Jiyva's grace]
  2392 | D:4      | Gained mutation: You are partially covered in large bone
                  | plates. (SH +4) [Jiyva's grace]
  2410 | D:4      | Identified the +5 chain mail of Theory {Harm rF+ rC- SInv}
  2443 | D:4      | Reached skill level 5 in Fighting
  2581 | D:4      | Found a hide-covered altar of Uskayaw.
  2959 | D:5      | Entered Level 5 of the Dungeon
  2971 | D:5      | Noticed Dowan
  2972 | D:5      | Noticed Duvessa
  3016 | D:4      | Reached skill level 1 in Maces & Flails
  3016 | D:4      | Reached skill level 1 in Armour
  3026 | D:4      | Reached skill level 5 in Dodging
  3026 | D:4      | Reached XP level 7. HP: 52/61 MP: 6/6
  3115 | D:5      | Noticed Blork the orc
  3121 | D:5      | Killed Blork the orc
  3142 | D:5      | Noticed Edmund
  3145 | D:5      | Noticed Menkaure
  3148 | D:5      | Reached skill level 6 in Fighting
  3154 | D:5      | Killed Edmund
  3157 | D:5      | Killed Menkaure
  3292 | D:5      | Reached XP level 8. HP: 42/71 MP: 7/7
  3313 | D:5      | Killed Ijyb
  3452 | D:5      | Reached **** piety under Jiyva
  3497 | D:5      | Killed Dowan
  3505 | D:5      | Killed Duvessa
  3506 | D:5      | Reached skill level 7 in Fighting
  3601 | D:5      | Found a staircase to the Ecumenical Temple.
  3921 | Temple   | Entered the Ecumenical Temple
  3942 | D:6      | Noticed Maggie
  3954 | D:6      | Killed Maggie
  3955 | D:6      | Reached skill level 5 in Maces & Flails
  3955 | D:6      | Reached skill level 5 in Armour
  4061 | D:6      | Reached XP level 9. HP: 81/81 MP: 8/8
  4071 | D:6      | Reached skill level 8 in Fighting
  4515 | D:7      | Found a blossoming altar of Fedhas.
  4519 | D:7      | Noticed Joseph
  4530 | D:7      | Killed Joseph
  4538 | D:7      | Reached skill level 9 in Fighting
  4655 | D:7      | Reached ***** piety under Jiyva
  4691 | D:7      | Found a sand-covered staircase.
  4695 | Ossuary  | Entered an ossuary
  4695 | Ossuary  | Gained mutation: Your movements are slightly less
                  | encumbered by armour. (ER -2) [Jiyva's grace]
  4695 | Ossuary  | Gained mutation: Your movements are less encumbered by
                  | armour. (ER -4) [Jiyva's grace]
  4695 | Ossuary  | Gained mutation: Your movements are significantly less
                  | encumbered by armour. (ER -6) [Jiyva's grace]
  4695 | Ossuary  | Gained mutation: Your muscles are strong. (Str +4, Int/Dex
                  | -1) [Jiyva's grace]
  5075 | D:8      | Reached XP level 10. HP: 91/91 MP: 9/9
  5200 | D:8      | Found a burning altar of Makhleb.
  5319 | D:8      | Found Totab's Profane Products.
  5701 | D:9      | Found a shimmering blue altar of Sif Muna.
  5864 | D:9      | Reached skill level 10 in Fighting
  5908 | D:9      | Found a staircase to the Lair.
  5984 | D:9      | Reached ****** piety under Jiyva
  6087 | D:9      | Found a basalt altar of Yredelemnul.
  6333 | D:10     | Entered Level 10 of the Dungeon
  6352 | D:10     | Noticed Sonja
  6356 | Abyss:1  | Lost mutation: You are partially covered in large bone
                  | plates. (SH +4) [Jiyva's grace]
  6356 | Abyss:1  | Lost mutation: Your movements are significantly less
                  | encumbered by armour. (ER -6) [Jiyva's grace]
  6356 | Abyss:1  | Gained mutation: You have a somewhat thin skeletal
                  | structure. (Dex +2, Stealth+) [Jiyva's grace]
  6356 | Abyss:1  | Gained mutation: You have a moderately thin skeletal
                  | structure. (Dex +4, Stealth++) [Jiyva's grace]
  6356 | Abyss:1  | Gained mutation: You have an unnaturally thin skeletal
                  | structure. (Dex +6, Stealth+++) [Jiyva's grace]
  6356 | Abyss:1  | Gained mutation: You have acidic saliva. [Jiyva's grace]
  6356 | Abyss:1  | Cast into level 1 of the Abyss (Sonja)
  6409 | Abyss:1  | Noticed a soul eater
  6424 | Abyss:1  | Killed a soul eater
  6425 | Abyss:1  | Reached XP level 11. HP: 57/101 MP: 10/10
  6469 | Abyss:1  | Found a corrupted altar of Lugonu.
  6485 | Abyss:1  | Noticed a sixfirhy
  6502 | Abyss:1  | Killed a sixfirhy
  6503 | Abyss:1  | Reached skill level 11 in Fighting
  6503 | Abyss:1  | Reached skill level 10 in Dodging
  6558 | Abyss:1  | Noticed a red very ugly thing
  6558 | Abyss:1  | Noticed a red very ugly thing
  6558 | Abyss:1  | Noticed a red very ugly thing
  6559 | Abyss:1  | Noticed a red ugly thing
  6560 | Abyss:1  | Noticed a red very ugly thing
  6560 | Abyss:1  | Noticed a red ugly thing
  6562 | Abyss:1  | Noticed a thrashing horror
  6569 | Abyss:1  | Killed a cyan very ugly thing
  6579 | Abyss:1  | Killed a red very ugly thing
  6580 | Abyss:1  | Reached skill level 10 in Maces & Flails
  6580 | Abyss:1  | Reached skill level 10 in Armour
  6585 | Abyss:1  | Killed a glowing orange brain
  6587 | Abyss:1  | Killed a thrashing horror
  6616 | Abyss:1  | Killed a brown very ugly thing
  6620 | Abyss:1  | Noticed an orb spider
  6621 | Abyss:1  | Killed a green very ugly thing
  6621 | Abyss:1  | Killed from afar by a hellion

Illustrated notes

Levels and vault maps discovered:
D:1:      dpeg_arrival_caged_fury, layout_basic, serial_shops, shop,
          hellmonk_ecumenical_altar_watching_god, st_stairs_13,
          serial_park_tiny_pond
D:2:      layout_loops_ring
D:3:      layout_rooms, amcnicky_altar_gilded, mainiacjoe_overflow_catwalk,
          grunt_decor_fettered, st_stairs_4
D:4:      minmay_wonky_spiral, layout_rooms, mainiacjoe_overflow_brackets
D:5:      layout_cave_pods, minmay_temple_entry_antechambers, nrook_mini_vaults,
          st_stairs_10, uniq_blork_the_orc, uniq_ijyb, uniq_menkaure,
          uniq_duvessa, uniq_edmund
D:6:      layout_rooms, minmay_checkerbox, uniq_maggie
D:7:      layout_rooms, overflow_temple_1_default, enter_ossuary_5, uniq_joseph
D:8:      layout_basic, bloody_makhleb, nicolae_evil_shop
D:9:      layout_roguey [special_room_orc], mainiacjoe_overflow_large_starburst,
          minmay_lair_entry_grove
D:10:     layout_irregular_city, minmay_shop_enchanted_jewellery,
          dreamdust_mushroom_princess, uniq_sonja
Temple:   minmay_freezing_vapour_temple
Abyss:1:  base:
D:8

Skill      XL: |  1  2  3  4  5  6  7  8  9 10 11 |
---------------+----------------------------------+-----
Fighting       | 3 4 5 6 7 9 10 11 | 11.6
Dodging        | 3 4 5 7 8 9 10 | 10.6
Ranged Weapons | 5 6 |  6.1
Maces & Flails | 1 3 5 7 9 10 | 10.3
Armour         | 1 3 5 7 9 10 | 10.3
Stealth        | |  0.7

Action                     |  1- 3 |  4- 6 |  7- 9 | 10-12 || total
---------------------------+-------+-------+-------+-------++-------
  Melee: Flail             |       |    16 |   199 |   284 ||   499
         Headbutt          |       |     5 |    44 |    51 ||   100
         Punch             |       |       |     3 |     4 ||     7
         Bite              |       |       |       |    14 ||    14
   Fire: Shortbow          |   108 |   103 |       |       ||   211
    Use: Scroll            |       |       |       |     1 ||     1
 Armour: Skin              |    15 |    18 |       |       ||    33
         Chain mail        |       |    21 |   112 |   148 ||   281
  Dodge: Dodged            |    22 |    45 |    85 |   135 ||   287
  Block: Other             |       |    19 |    89 |   114 ||   222
         Reflection        |       |       |     7 |     1 ||     8

Table legend: (Time is in decaauts)
 A = Elapsed time spent in this place.
 B = Non-inter-level travel time spent in this place.
 C = Inter-level travel time spent in this place.
 D = Time resting spent in this place.
 E = Time spent auto-exploring this place.
 F = Levels seen in this place.
 G = Mean time per level.
                   A        B        C        D        E       F      G
               +--------+--------+--------+--------+--------+-----+--------+
         Total |   6671 |   6276 |    395 |    154 |   4660 |  13 |  513.2 |
       Dungeon |   6239 |   5845 |    394 |    154 |   4441 |  10 |  623.9 |
        Temple |      1 |      1 |      0 |      0 |      0 |   1 |    1.0 |
         Abyss |    257 |    257 |      0 |      0 |    136 |   1 |  257.0 |
       Ossuary |    171 |    171 |      0 |      0 |     83 |   1 |  171.0 |
               +--------+--------+--------+--------+--------+-----+--------+

Top non-repeatable levels by time:
     D:5: 950 daAuts
     D:2: 797 daAuts
     D:4: 783 daAuts
     D:1: 764 daAuts
     D:9: 717 daAuts
     D:3: 692 daAuts
     D:8: 620 daAuts
     D:6: 553 daAuts
     D:7: 337 daAuts
 Abyss:1: 257 daAuts
 Ossuary: 171 daAuts
    D:10: 22 daAuts
  Temple: 1 daAuts
